 Dungeon Crawl Stone Soup version 0.29-a0-91-gdebf4667c2 (webtiles) character file.

Game seed: 6172591415363590264

49 TheGamechu the Skirmisher (level 3, -2/49 HPs)
             Began as a Minotaur Berserker on Feb 9, 2022.
             Was a Believer of Trog.
             Slain by Robin (5 damage)
             ... on level 2 of the Dungeon.
             The game lasted 00:03:43 (1422 turns).

TheGamechu the Skirmisher (Minotaur Berserker)      Turns: 1422, Time: 00:03:44

Health: -2/49      AC:  2    Str: 21    XL:     3   Next: 51%
Magic:  2/2        EV: 12    Int:  4    God:    Trog [**....]
Gold:   48         SH:  3    Dex: 11    Spells: 2/2 levels left

rFire   . . .      SeeInvis .   a - +0 hand axe
rCold   . . .      Faith    .   k - +0 buckler
rNeg    . . .      Spirit   .   b - +0 animal skin
rPois   .          Reflect  .   (helmet restricted)
rElec   .          Harm     .   (no cloak)
rCorr   .          Rampage  .   (no gloves)
Will    ++...                   (no boots)
Stlth   ..........              (no amulet)
HPRegen 1.16/turn               (no ring)
MPRegen 0.08/turn               (no ring)

@: berserking, strong-willed, regenerating, very quick
A: horns 2, retaliatory headbutt
a: Renounce Religion, Berserk, Trog's Hand


You were on level 2 of the Dungeon.
You worshipped Trog.
Trog was pleased with you.
You visited 1 branch of the dungeon, and saw 2 of its levels.

You collected 48 gold pieces.

Inventory:

Hand Weapons
 a - a +0 hand axe (weapon)
Missiles
 d - 32 stones (quivered)
Armour
 b - a +0 animal skin (worn)
 k - a +0 buckler (worn)
Scrolls
 c - a scroll of fog {unknown}
 e - a scroll of vulnerability {unknown}
 f - a scroll of identify {unknown}
 h - a scroll of fear {unknown}
 i - a scroll of teleportation {unknown}
 l - a scroll of immolation {unknown}
Potions
 g - a potion of curing {unknown}
 j - 2 potions of resistance {unknown}


   Skills:
 + Level 4.2 Fighting
 + Level 4.1 Axes
 + Level 3.2 Armour
 - Level 2.6 Dodging
 + Level 0.7 Shields


You had 2 spell levels left.
You didn't know any spells.
Your spell library was empty.

Dungeon Overview and Level Annotations

Branches:
Dungeon (2/15)

Altars:

Annotations:
D:2 Robin


Innate Abilities, Weirdness & Mutations

You have a pair of horns on your head.
You reflexively headbutt those who attack you in melee.


Message History

The goblin hits you with a +0 dagger of speed.
* * * LOW HITPOINT WARNING * * *
Robin's bangles clink loudly.
The goblin hits you but does no damage.
A red film seems to cover your vision as you go berserk!
You feel yourself moving faster!
You feel mighty! The goblin hits you with a +0 dagger.
* * * LOW HITPOINT WARNING * * *
You block the goblin's attack.
You slash the goblin!
You kill the goblin!
Trog accepts your kill.
You slash the goblin!
You kill the goblin!
Trog accepts your kill.
Robin flexes a bicep menacingly.
You barely miss the goblin. You completely miss the goblin.
The goblin hits you with a +0 club.
* * * LOW HITPOINT WARNING * * *
You slash the goblin!
You kill the goblin!
Trog accepts your kill.
You slash the kobold!
You feel the power of Trog in you as your rage grows.
You kill the kobold!
Trog accepts your kill.
You slash the hobgoblin!
You kill the hobgoblin!
Trog accepts your kill.
Robin hits you from afar with a +4 spear.
* * * LOW HITPOINT WARNING * * *
Items here: ))))))) †††††.
You closely miss Robin. You closely miss the hobgoblin.
Robin hits you with a +4 spear.
* * * LOW HITPOINT WARNING * * *
The hobgoblin hits you.
* * * LOW HITPOINT WARNING * * *
You completely miss Robin. Your headbutt misses Robin.
You barely miss the hobgoblin. Robin hits you with a +4 spear.
You die...

#......# #.....
#+##......# #.....
######.##......# #.....
+......†'......+ +.....
######.##......#+##)..†.
#.##.............##
#))#.......†.....#
##.#......:......#
#@###...........#
#gg##...........#
##.##...........#
#(.#...........#
###.######+######
#....#####+###
#..........$.. #
#............. #
#gg..(.)...... #


You could see Robin and a hobgoblin (strong).

Vanquished Creatures
  A dart slug (D:1)
  An endoplasm (D:1)
  12 goblins
  5 hobgoblins
  3 jackals (D:2)
  2 quokkas
  A ball python (D:2)
  7 bats
  2 frilled lizards (D:1)
  4 kobolds
  2 rats
40 creatures vanquished.

Notes
Turn   | Place    | Note
-------+----------+-------------------------------------------
     0 | D:1      | TheGamechu the Minotaur Berserker began the quest for the
                  | Orb.
     0 | D:1      | Reached XP level 1. HP: 19/19 MP: 0/0
   335 | D:1      | Reached XP level 2. HP: 16/27 MP: 1/1
  1249 | D:2      | Reached ** piety under Trog
  1272 | D:2      | Reached XP level 3. HP: 33/33 MP: 2/2
  1380 | D:2      | Noticed Robin
  1421 | D:2      | HP: 2/49 [hobgoblin[Robin] (4)]
  1422 | D:2      | Slain by Robin

Illustrated notes

Levels and vault maps discovered:
D:1:      lightli_arrival_flooded_house, layout_basic
D:2:      layout_basic, serial_corexii_hall, chequers_hall_statues_corner_a,
          corexii_hall_statues_s, basic_altar, uniq_robin

Skill      XL: |  1  2 |
---------------+-------+-----
Fighting       | 4 |  4.2
Axes           | 4 |  4.1
Armour         | 3 |  3.2
Dodging        | |  2.6
Shields        | |  0.7

Action                   || total
-------------------------++-------
Melee: Hand axe          ||    81
       Headbutt          ||     7
Throw: Stone             ||     2
Invok: Berserk           ||     1
       Trog's Hand       ||     1
Armor: Animal skin       ||    16
Dodge: Dodged            ||    58
Block: Buckler           ||     6

Table legend: (Time is in decaauts)
 A = Elapsed time spent in this place.
 B = Non-inter-level travel time spent in this place.
 C = Inter-level travel time spent in this place.
 D = Time resting spent in this place.
 E = Time spent auto-exploring this place.
 F = Levels seen in this place.
 G = Mean time per level.
                   A        B        C        D        E       F      G
               +--------+--------+--------+--------+--------+-----+--------+
         Total |   1429 |   1390 |     39 |      0 |   1174 |   2 |  714.5 |
       Dungeon |   1429 |   1390 |     39 |      0 |   1174 |   2 |  714.5 |
               +--------+--------+--------+--------+--------+-----+--------+

Top non-repeatable levels by time:
     D:1: 1082 daAuts
     D:2: 347 daAuts
